 Dungeon Sprint DCSS version 0.30.1-4-g462c640d31 (webtiles) character file.

Game seed: 9858615632588131659

256 Heoruswealwe the Covered (level 5, 0/50 HPs)
             Began as a Demigod Fighter on Aug 16, 2023.
             Slain by a slime creature (12 damage)
             ... in the Dungeon (Sprint I: "Red Sonja").
             The game lasted 00:01:30 (58 turns).

Heoruswealwe the Covered (Demigod Fighter)            Turns: 58, Time: 00:01:30

Health: 0/50       AC:  7    Str: 21    XL:     5   Next: 61%
Magic:  7/7        EV:  9    Int: 10    God:
Gold:   54         SH:  5    Dex: 13    Spells: 4/4 levels left

rFire   . . .        a - +0 flail
rCold   . . .        d - +0 buckler
rNeg    . . .        c - +0 scale mail
rPois   .            (no helmet)
rElec   .            (no cloak)
rCorr   .            (no gloves)
SInv    .            (no boots)
Will    .....        (no amulet) Stlth
                     (no ring)
HPRegen 0.28/turn    (no ring)
MPRegen 0.10/turn

%: no teleportation
@: no status effects
A: high MP 1, forlorn, divine attributes
a: no special abilities


You were in the Dungeon.
You visited 1 branch You collected 54 gold pieces.

Inventory:

Hand Weapons
 a - a +0 flail (weapon)
Armour
 c - a +0 scale mail (worn)
 d - a +0 buckler (worn)
 g - a +0 chain mail
Wands
 b - a wand of iceblast (5)
Scrolls
 j - a scroll of blinking
Potions
 f - a potion of attraction {unknown}
 h - 2 potions of magic
 i - a potion of berserk rage


   Skills:
 + Level 6.2 Fighting
 + Level 5.8 Maces & Flails
 + Level 6.2 Armour
 + Level 6.2 Shields


You had 4 spell levels left.
You didn't know any spells.
Your spell library was empty.

Dungeon Overview and Level Annotations

Branches:
Dungeon (1/1)


Innate Abilities, Weirdness & Mutations

You have an increased reservoir of magic. (+10% MP)
You shall have no god before yourself.
Your divine heritage dramatically boosts your attributes as you level up.


Message History

You now have 54 gold pieces (gained 27).
You open the door.
A slime creature comes into view.
Found four altars.
You block the slime creature's attack.
There is an open door here.
You thump the slime creature!
The slime creature is lightly wounded.
You block the slime creature's attack. The slime creature hits you!
You hit the slime creature.
The slime creature is moderately wounded.
The slime creature hits you!
* * * LOW HITPOINT WARNING * * *
You feel better. The slime creature hits you.
You sock the slime creature!
The slime creature is moderately wounded.
The slime creature hits you but does no damage.
You bludgeon the slime creature!!
The slime creature is severely wounded.
The slime creature hits you but does no damage.
You barely miss the slime creature.
The slime creature is severely wounded.
You feel a little less mighty now. You block the slime creature's attack.
You hit the slime creature.
The slime creature is severely wounded.
The slime creature closely misses you.
You sock the slime creature!
The slime creature is severely wounded.
The slime creature hits you.
* * * LOW HITPOINT WARNING * * *
You sock the slime creature!
The slime creature is almost dead.
The slime creature hits you.
* * * LOW HITPOINT WARNING * * *
You hit the slime creature.
The slime creature is almost dead.
The slime creature hits you but does no damage.
The slime creature hits you!
You die...

###################
#<.#..').#..'.$#__#
#..').#..').#$.@J.+
#..#####+#####+#__#
#..# ### #..# #..#
#⌠⌠# ####


You could see a slime creature.

Vanquished Creatures
  Sigmund (D)
  An ogre (D)
  Ijyb (D)
3 creatures vanquished.

Notes
Turn   | Place    | Note
-------+----------+-------------------------------------------
     0 | D        | Heoruswealwe the Demigod Fighter began the quest for the
                  | Orb.
     0 | D        | Reached XP level 1. HP: 18/18 MP: 3/3
     3 | D        | Noticed Ijyb
    14 | D        | Killed Ijyb
    15 | D        | Reached XP level 2. HP: 12/27 MP: 4/4
    19 | D        | Noticed an ogre
    21 | D        | Killed an ogre
    22 | D        | Reached XP level 3. HP: 17/35 MP: 5/5
    22 | D        | Reached XP level 4. HP: 20/41 MP: 6/6
    25 | D        | Noticed Sigmund
    37 | D        | Killed Sigmund
    38 | D        | Reached skill level 5 in Maces & Flails
    38 | D        | Reached XP level 5. HP: 36/50 MP: 7/7
    47 | D        | Noticed a slime creature
    58 | D        | Slain by a slime creature

Illustrated notes

Levels and vault maps discovered:
D:        dungeon_sprint_1 [red_sonja_temple_1, red_sonja_temple_small_1]

Skill      XL: |  1  2  3  4 |
---------------+-------------+-----
Fighting       | 3 4 6 |  6.2
Maces & Flails | 3 4 5 |  5.8
Armour         | 3 4 6 |  6.2
Shields        | 3 4 6 |  6.2

Action                     |  1- 3 |  4- 6 || total
---------------------------+-------+-------++-------
  Melee: Flail             |    10 |    19 ||    29
  Evoke: Wand              |     2 |       ||     2
    Use: Potion            |     2 |     2 ||     4
 Armour: Scale mail        |     4 |     3 ||     7
  Dodge: Dodged            |     1 |     3 ||     4
  Block: Buckler           |       |     4 ||     4
